AoeStats
← John Hawkwood

Arabia

508150338Analyzed
1v1 RM · 12d ago on Sep 21, 2026· 17m 27s· 2 players
Game mode
Random Map
Map size
Tiny (2 player)
Population
200
Speed
Normal
Resources
Standard
Victory
Conquest
Starting age
Dark Age
Ending age
Imperial Age
RankedLock teamsTeams togetherTeam positionsShared explorationLock speedFull tech treeHidden civsTurbo modeCheats
Victory
Defeat
🇺🇸 Mongols · United States
999
+18
🇦🇷 Vikings · Argentina
1044
-18
John Hawkwood
9:16 Feudal Age
7:45 Loom
10:26 Double-Bit Axe
17:02 Castle Age
16:00 Horse Collar
Player897450113
5:19 Loom
10:49 Feudal Age
11:53 Man-at-Arms
14:43 Arson
15:14 Double-Bit Axe
Connection lost

Rejoining the realm…

Still unreachable

The connection could not be restored.

Session expired

The server has moved on; the page needs a fresh start.